 Dungeon Crawl Stone Soup version 0.25-a0-668-gea548f1 (webtiles) character file.

Game seed: 15811698121191141490, levelgen mode: deterministic

7 ssssssssss the Vandal (level 2, 0/19 HPs)
             Began as a Halfling Hunter on Mar 28, 2020.
             Slain by a leopard gecko (3 damage)
             ... on level 1 of the Dungeon.
             The game lasted 00:02:33 (78 turns).

ssssssssss the Vandal (Halfling Hunter)               Turns: 78, Time: 00:02:34

Health: 0/19       AC:  3    Str: 13    XL:     2   Next: 5%
Magic:  2/2        EV: 14    Int:  9    God:
Gold:   0          SH:  0    Dex: 14    Spells: 1/1 levels left

rFire    . . .     SeeInvis .   g - +0 dagger
rCold    . . .     Gourm    .   (shield restricted)
rNeg     . . .     Faith    .   c - +0 leather armour
rPois    .         Spirit   .   (no helmet)
rElec    .         Reflect  .   (no cloak)
rCorr    .         Harm     .   (no gloves)
MR       .....                  (no boots)
Stlth    +.........             (no amulet)
HPRegen  0.06/turn              (no ring)
MPRegen  0.08/turn              (no ring)

@: no status effects
A: small, mutation resistance 1
a: no special abilities


You were on level 1 of the Dungeon.
You were not hungry.

You visited 1 branch of the dungeon, and saw 1 of its levels.

Inventory:

Hand Weapons
 a - a +1 hunting sling
 b - a +0 short sword
 g - a +0 dagger (weapon)
Missiles
 d - 2 sling bullets
Armour
 c - a +0 leather armour (worn)
Potions
 e - a potion of lignification {unknown}
Comestibles
 f - a ration


   Skills:
 + Level 1.9 Fighting
 + Level 6.3 Slings
 + Level 2.2 Dodging
 + Level 1.1 Stealth


You had one spell level left.
You didn't know any spells.
Your spell library was empty.

Dungeon Overview and Level Annotations

Branches:
Dungeon (1/15)

Altars:


Innate Abilities, Weirdness & Mutations

You are small and have problems with some larger weapons.
You are somewhat resistant to further mutation.


Message History

The leopard gecko barely misses you.
You miss the leopard gecko. The leopard gecko barely misses you.
You miss the leopard gecko.
The leopard gecko bites you but does no damage.
You hit the leopard gecko but do no damage.
The leopard gecko bites you.
You closely miss the leopard gecko. The leopard gecko bites you.
You closely miss the leopard gecko. The leopard gecko closely misses you.
The leopard gecko barely misses you.
You closely miss the leopard gecko. The leopard gecko misses you.
A jackal comes into view.
You closely miss the leopard gecko. The leopard gecko barely misses you.
You hit the leopard gecko but do no damage.
The leopard gecko bites you.
* * * LOW HITPOINT WARNING * * *
You closely miss the leopard gecko. The leopard gecko barely misses you.
You hit the leopard gecko.
The leopard gecko is almost dead.
The leopard gecko barely misses you. The leopard gecko bites you.
You die...

#... #..##...#
#..#....#
#..#.8..#
#..#)...#
#..##...#
#...##..# .#
#....#..# .#
+.<.@lh.###.#
#....#......#
#.^.##.((..##
#..##.......#
#..#........###.
#..#.8......#...
#..#..........#.
#..##...†(......
#...##...(.$###.


You could see a leopard gecko and a jackal.

Vanquished Creatures
  2 giant cockroaches (D:1)
  2 goblins (D:1)
  A frilled lizard (D:1)
  2 rats (D:1)
7 creatures vanquished.

Notes
Turn   | Place    | Note
-------+----------+-------------------------------------------
     0 | D:1      | ssssssssss the Halfling Hunter began the quest for the Orb.
     0 | D:1      | Reached XP level 1. HP: 14/14 MP: 1/1
    40 | D:1      | Reached skill level 6 in Slings
    65 | D:1      | Reached XP level 2. HP: 10/19 MP: 2/2
    78 | D:1      | Slain by a leopard gecko

Levels and vault maps discovered:
D:1:      giann_horns, layout_rooms, minmay_pentomino_o4

Skill      XL: |  1 |
---------------+----+-----
Slings         | 6 |  6.3
Fighting       | |  1.9
Dodging        | |  2.2
Stealth        | |  1.1

Action                   || total
-------------------------++-------
Melee: Dagger            ||    14
 Fire: Hunting sling     ||    19
Armor: Leather armour    ||     2
Dodge: Dodged            ||    17

Table legend:
 A = Non-vault XP
 B = Vault XP
 C = Vault XP percentage of total XP
 D = Non-vault monster count
 E = Vault monster count
 F = Vault count percentage of total count
                 A         B        C        D         E       F
            +---------+---------+-------+---------+---------+-------
      Total |       5 |       5 |  50.0 |       4 |       3 |  42.9
            +---------+---------+-------+---------+---------+-------
        D:1 |       5 |       5 |  50.0 |       4 |       3 |  42.9
            +---------+---------+-------+---------+---------+-------
